 Dungeon Crawl Stone Soup version 0.25-a0-316-gd28d56f9c5 (webtiles) character file.

Game seed: 11792772050501094839, levelgen mode: deterministic

400 sankara the Cutter (level 7, 44/44 HPs)
             Began as a Halfling Skald on Nov 29, 2019.
             Was a Believer of Ru.
             Got out of the dungeon alive.
             The game lasted 00:16:20 (3068 turns).

sankara the Cutter (Halfling Skald)                 Turns: 3068, Time: 00:16:20

Health: 44/44      AC:  7    Str: 14    XL:     7   Next: 10%
Magic:  9/9        EV: 14    Int: 11    God:    Ru [**....]
Gold:   211        SH:  6    Dex: 14    Spells: 1/9 levels left

rFire    x . .     SeeInvis .   b - +4 dagger
rCold    x . .     Gourm    .   o - +0 buckler
rNeg     . . .     Faith    .   e - +0 leather armour
rPois    .         Spirit   .   (no helmet)
rElec    .         Reflect  .   (no cloak)
rCorr    .         Harm     .   n - +0 pair of gloves
MR       .....                  c - +1 pair of boots
Stlth    +.........             (no amulet)
HPRegen  0.14/turn              i - +1 ring of protection
MPRegen  0.11/turn              (no ring)

@: no status effects
A: small, mutation resistance 1, temperature sensitive
a: Sacrifice Nimbleness, Sacrifice Purity, Sacrifice an Eye, Reject Sacrifices,
Renounce Religion


You escaped.
You worshipped Ru.
Ru was pleased with you.
You were not hungry.

You visited 1 branch of the dungeon, and saw 4 of its levels.

You collected 211 gold pieces.

Inventory:

Hand Weapons
 a - a +0 falchion
 b - a +4 dagger (weapon)
   (You took it off a kobold on level 1 of the Dungeon)
 A - a +0 dagger of venom
   (You took it off an orc wizard on level 3 of the Dungeon)
 B - a +1 dagger of venom
   (You took it off a kobold on level 3 of the Dungeon)
Missiles
 h - 11 poisoned darts (quivered)
 j - 91 stones
 k - 22 sling bullets
 l - 8 datura-tipped darts
 E - a throwing net {=f, !d}
Armour
 c - a +1 pair of boots (worn)
   (You found it on level 1 of the Dungeon)
 e - a +0 leather armour (worn)
 n - a +0 pair of gloves (worn)
   (You found it on level 1 of the Dungeon)
 o - a +0 buckler (worn)
   (You found it on level 1 of the Dungeon)
Jewellery
 i - a +1 ring of protection (left hand)
   (You found it on level 1 of the Dungeon)
 F - an uncursed ring of see invisible {sInv, !d}
   (You found it on level 4 of the Dungeon)
Scrolls
 t - a scroll of teleportation
 u - a scroll of amnesia {unknown}
 w - a scroll of remove curse
 y - a scroll of fear {unknown}
 z - a scroll of identify
Potions
 f - a potion of haste {unknown}
 g - a potion of resistance {unknown}
 m - a potion of lignification {unknown}
 p - 3 potions of magic
 q - 2 potions of curing {unknown}
 r - 2 potions of heal wounds
 s - a potion of cancellation {unknown}
 v - a potion of mutation {unknown}
 x - a potion of invisibility {unknown}
Comestibles
 d - 5 rations
 C - 2 chunks of flesh {@w0}


   Skills:
 - Level 1.7 Fighting
 + Level 5.8(6.1) Short Blades
 - Level 2.2(3.8) Long Blades
 - Level 1.1 Armour
 - Level 2.1 Dodging
 + Level 4.6 Shields
 - Level 1.5 Spellcasting
 - Level 3.2 Charms


You had one spell level left.
You knew the following spells:

 Your Spells              Type           Power        Failure   Level  Hunger
a - Infusion              Chrm           #...         11%         1    ##.....
b - Song of Slaying       Chrm           #.......     16%         2    ###....
c - Shroud of Golubria    Chrm/Tloc      #.....       32%         2    ###....
d - Regeneration          Chrm/Necr      #.........   54%         3    ####...

Your spell library contained the following spells:

 Spells                   Type           Power        Failure   Level  Hunger
 Spectral Weapon          Hex/Chrm       #.......     54%         3    ####...


Dungeon Overview and Level Annotations

Branches:
Dungeon (4/15)
 Temple: D:4-7

Altars:
Ashenzari
Hepliaklqana
Qazlal
Ru
Uskayaw
Vehumet


Innate Abilities, Weirdness & Mutations

You are small and have problems with some larger weapons.
You are somewhat resistant to further mutation.
You are sensitive to extremes of temperature. (rF-, rC-)


Message History

Unknown command.
Unknown command.
You see here a +0 giant club.
D - a small diamond ring You feel stupid.
Oops, that ring feels deathly cold.
D - a cursed -3 ring of intelligence (right hand)
As you read the scroll labeled BOQ TYMNOBIY, it crumbles to dust.
It is a scroll of identify.
p - 3 potions of magic
As you read the scroll labeled OLOLON TARE, it crumbles to dust.
You feel strangely unstable.
It was a scroll of teleportation.
E - a throwing net {=f, !d}
There are no items here.
Your surroundings suddenly seem different.
Found a potion of heal wounds.
Found a shattered altar of Ashenzari.
Found an escape hatch in the floor.
An iguana comes into view.
The iguana hisses angrily.
Casting: Infusion (safe; 13% risk of failure)
Confirm with . or Enter, or press ? or * to list all spells.
You begin infusing your attacks with magical energy.
You block the iguana's attack.
You hit the iguana.
The iguana is moderately wounded.
You hit the iguana.
The iguana is moderately wounded.
The iguana misses you.
You hit the iguana but do no damage.
The iguana is moderately wounded.
The iguana barely misses you.
You hit the iguana but do no damage.
The iguana is moderately wounded.
You block the iguana's attack.
You hit the iguana.
The iguana is heavily wounded.
You hit the iguana!
You kill the iguana!
Your magical infusion is running out.
You see here an iguana corpse.
You butcher the iguana corpse.
C - 6 chunks of flesh {@w0} (gained 3)
You see here an iguana skeleton.
You are no longer magically infusing your attacks.
You see here an iguana skeleton.
F - a knobbly marble ring You remove your +1 ring of protection.
F - a ring of see invisible (left hand)
You remove your ring of see invisible {sInv, !d}.
i - a +1 ring of protection (left hand)
As you read the scroll labeled XOREOM EVOBAULIO, it crumbles to dust.
You feel as if something is helping you.
It was a scroll of remove curse.
You're wearing all the rings you can.
Remove which one? (? for menu, Esc to cancel) < or
i - a +1 ring of protection; > or
D - a -3 ring of intelligence
Okay, then.
Drop what? 32/52 slots (_ for help) (? for menu, Esc to quit)
You remove your -3 ring of intelligence.
You feel clever.
You drop a -3 ring of intelligence.
r - 2 potions of heal wounds (gained 1) Some of the chunks of flesh in your inventory have rotted away.
q - 2 blue potions (gained 1)
Found a stone staircase leading down.
Eating one of 3 chunks of flesh {@w0}.
You eat one of the 3 chunks of flesh {@w0}.
This raw flesh tastes terrible.
Found a stormy altar of Qazlal.
Found an escape hatch in the floor.
d - 5 rations (gained 1)
Found a stone staircase leading up.
There is a stone staircase leading up here.
Ru believes you are ready to make a new sacrifice.
Okay, then.
Welcome back, sankara the Halfling Skald.
Ru says: Cut away your false body!
Press ? for a list of commands and other information.
Quiver which item? (- for none, * to show all) (? for menu, Esc to quit)
Okay, then.
Unknown command.
Welcome back, sankara the Halfling Skald.
Ru says: Cut away your false body!
Press ? for a list of commands and other information.
There is a stone staircase leading up here.
There is a stone staircase leading up here.
There is an escape hatch in the ceiling here.
There is a stone staircase leading up here.
There is an escape hatch in the ceiling here.
A mysterious force pulls you upwards. The hatch slams shut behind you.
There is a stone staircase leading up here.
You climb upwards.
There is a stone staircase leading down here.
There is a stone staircase leading up here.
There is a stone staircase leading up here.
You climb upwards.
There is a stone staircase leading down here.
You see here a cursed +0 club.
There is a staircase leading out of the dungeon here.
Are you sure you want to leave the Dungeon?
This will make you lose the game!
You have escaped!

#..........##....).#.....
#..................).....
#####.#............######
#.#.#.#.#.#..........
#.#.#.###.#..........
####......#.............
#........###...####.....
#......### ###..# #.....
#......@# ##..###.....
#......## #>......####
#......># ##....)#####
##......## #....#...)..
##.......### ###..########
#..........###...####...##
#..........รท#....###.....#
#........#.###.#..#.......
#........#.#>#.#..#.......


There were no monsters in sight!

Vanquished Creatures
  A phantom (D:2)
  An ogre (D:4)
  2 orc wizards (D:3)
  Terence (D:2)
  An iguana (D:4)
  A worker ant (D:4)
  3 adders (D:3)
  A worm (D:2)
  A dart slug (D:2)
  A leopard gecko (D:3)
  2 orcs (D:3)
  3 giant cockroaches
  7 goblins
  9 hobgoblins
  10 kobolds
  3 quokkas
  10 bats
  5 frilled lizards
  8 rats
70 creatures vanquished.

Notes
Turn   | Place    | Note
-------+----------+-------------------------------------------
     0 | D:1      | sankara the Halfling Skald began the quest for the Orb.
     0 | D:1      | Reached XP level 1. HP: 14/14 MP: 3/3
   134 | D:1      | Reached skill level 1 in Short Blades
   134 | D:1      | Reached XP level 2. HP: 9/19 MP: 4/4
   146 | D:1      | HP: 4/19 [hobgoblin (1)]
   154 | D:1      | HP: 4/19 [bat (1)]
   163 | D:1      | Upgraded the game from 0.25-a0-189-gf71692caf1 to
                  | 0.25-a0-194-gece12570e2
   279 | D:1      | Reached skill level 2 in Short Blades
   429 | D:1      | Learned a level 2 spell: Song of Slaying
   530 | D:1      | Reached XP level 3. HP: 22/24 MP: 2/5
   622 | D:1      | Learned a level 2 spell: Shroud of Golubria
   850 | D:2      | Found a faded altar of an unknown god.
   860 | D:2      | Became a worshipper of Ru the Awakened
   876 | D:2      | Noticed Terence
   880 | D:2      | Gained mutation: You are sensitive to extremes of
                  | temperature. (rF-, rC-) [Ru sacrifice]
   880 | D:2      | Reached * piety under Ru
   880 | D:2      | Reached ** piety under Ru
   885 | D:2      | Killed Terence
   885 | D:2      | Reached skill level 3 in Short Blades
   885 | D:2      | Reached skill level 1 in Shields
   885 | D:2      | Reached XP level 4. HP: 18/29 MP: 0/6
  1043 | D:2      | Found a hide-covered altar of Uskayaw.
  1074 | D:2      | Found a hazy altar of Hepliaklqana.
  1437 | D:2      | Noticed a phantom
  1462 | D:2      | Killed a phantom
  1462 | D:2      | Reached skill level 4 in Short Blades
  1462 | D:2      | Reached skill level 3 in Shields
  1462 | D:2      | Reached XP level 5. HP: 25/34 MP: 2/7
  1577 | D:2      | Found a radiant altar of Vehumet.
  1880 | D:3      | Reached XP level 6. HP: 38/39 MP: 2/8
  1912 | D:3      | Reached skill level 5 in Short Blades
  1913 | D:3      | HP: 8/39 [poisoned by an orc wizard]
  2163 | D:3      | Found a sacrificial altar of Ru.
  2654 | D:4      | Reached skill level 4 in Shields
  2679 | D:4      | Noticed an ogre
  2757 | D:4      | Killed an ogre
  2757 | D:4      | Reached XP level 7. HP: 36/44 MP: 1/9
  2834 | D:4      | Learned a level 3 spell: Regeneration
  2850 | D:4      | Found a shattered altar of Ashenzari.
  2942 | D:4      | Found a stormy altar of Qazlal.
  2966 | D:4      | Upgraded the game from 0.25-a0-194-gece12570e2 to
                  | 0.25-a0-316-gd28d56f9c5
  3068 | D:$      | Got out of the dungeon alive.

Levels and vault maps discovered:
D:1:      onia_arrival_handbag, layout_rooms
D:2:      layout_loops_cross, lemuel_coloured_pillars_altar,
          grunt_temple_overflow_open, chequers_ecumenical_altar_simple,
          uniq_terence
D:3:      layout_loops_cross, nicolae_overflow_crystal_walls,
          minmay_misc_feat_doors
D:4:      layout_rooms, grunt_temple_overflow_order_and_chaos_1,
          nicolae_qazlal_general_emergency, ashenzari_altar_1,
          kennysheep_mini_moat, minmay_temple_entry_poolview, serial_shops,
          kennysheep_little_box, first_ration, uniq_menkaure

Skill      XL: |  1  2  3  4  5  6 |
---------------+-------------------+-----
Short Blades   | 1 2 3 4 5 |  5.8
Shields        | 1 3 4 |  4.6
Fighting       | |  1.7
Long Blades    | |  2.2
Armour         | |  1.1
Dodging        | |  2.1
Spellcasting   | |  1.5
Charms         | |  3.2

Action                   |  1- 3 |  4- 6 |  7- 9 || total
-------------------------+-------+-------+-------++-------
Melee: Dagger            |    60 |   141 |     6 ||   207
       Falchion          |     5 |       |       ||     5
 Cast: Infusion          |    12 |    14 |     1 ||    27
       Shroud of Golubri |       |     1 |       ||     1
Invok: Sacrifice Resista |     1 |       |       ||     1
  Use: Potion            |       |     1 |       ||     1
       Scroll            |       |       |     3 ||     3
 Stab: Sleeping          |       |     2 |       ||     2
       Invisible         |       |     1 |       ||     1
  Eat: Chunk             |       |     7 |     1 ||     8
Armor: Leather armour    |    13 |    35 |       ||    48
Dodge: Dodged            |    36 |    69 |     2 ||   107
Block: Buckler           |     5 |    20 |     2 ||    27
       Rpst.: Falchion   |     2 |       |       ||     2

Table legend:
 A = Non-vault XP
 B = Vault XP
 C = Vault XP percentage of total XP
 D = Non-vault monster count
 E = Vault monster count
 F = Vault count percentage of total count
                 A         B        C        D         E       F
            +---------+---------+-------+---------+---------+-------
      Total |     532 |      40 |   7.0 |      65 |       5 |   7.1
            +---------+---------+-------+---------+---------+-------
        D:1 |      36 |       4 |  10.0 |      22 |       4 |  15.4
        D:2 |     159 |      36 |  18.5 |      17 |       1 |   5.6
        D:3 |     147 |       0 |   0.0 |      23 |       0 |   0.0
        D:4 |     190 |       0 |   0.0 |       3 |       0 |   0.0
            +---------+---------+-------+---------+---------+-------

Levels and vault maps discovered:
D:1:      onia_arrival_handbag, layout_rooms
D:2:      layout_loops_cross, lemuel_coloured_pillars_altar,
          grunt_temple_overflow_open, chequers_ecumenical_altar_simple,
          uniq_terence
D:3:      layout_loops_cross, nicolae_overflow_crystal_walls,
          minmay_misc_feat_doors
D:4:      layout_rooms, grunt_temple_overflow_order_and_chaos_1,
          nicolae_qazlal_general_emergency, ashenzari_altar_1,
          kennysheep_mini_moat, minmay_temple_entry_poolview, serial_shops,
          kennysheep_little_box, first_ration, uniq_menkaure

Table legend:
 A = Turns spent in this place as a percentage of turns spent in the entire game.
 B = Non-inter-level travel turns spent in this place as a percentage of non-inter-level travel turns spent in the entire game.
 C = Inter-level travel turns spent in this place as a percentage of turns spent in this place.
 D = Turns resting spent in this place as a percentage of non-inter-level travel turns spent in this place.
 E = Turns spent auto-exploring this place as a percentage of non-inter-level travel turns spent in this place.
 F = Non-inter-level travel turns spent in this place divided by the number of levels of this place that you've seen.
                   A       B       C       D       E      F
               +-------+-------+-------+-------+-------+----------------------
         Total | 100.0 | 100.0 |   6.1 |  30.8 |  46.9 | 720.2
       Dungeon | 100.0 | 100.0 |   6.1 |  30.8 |  46.9 | 720.2
               +-------+-------+-------+-------+-------+----------------------

Table legend:
 A = Kills in this place as a percentage of kills in entire the game.
 B = Kills by you in this place as a percentage of kills by you in the entire game.
 C = Kills by friends in this place as a percentage of kills by friends in the entire game.
 D = Other kills in this place as a percentage of other kills in the entire game.
 E = Experience gained in this place as a percentage of experience gained in the entire game.
 F = Experience gained in this place divided by the number of levels of this place that you have seen.
                   A       B       C       D       E      F
               +-------+-------+-------+-------+-------+----------------------
         Total | 100.0 | 100.0 |   N/A |   N/A | 100.0 | 143.0
       Dungeon | 100.0 | 100.0 |   N/A |   N/A | 100.0 | 143.0
               +-------+-------+-------+-------+-------+----------------------
